 Seeded DCSS version 0.29-a0-398-ge13fd1374b (webtiles) character file.

Game seed: 3894680699799314024 (custom seed)

72 zeratav the Digger (level 4, -2/27 HPs)
             Began as an Octopode Earth Elementalist on May 12, 2022.
             Was a Follower of the Shining One.
             Slain by a gnoll
             ... wielding a +0 flail
              (10 damage)
             ... on level 2 of the Dungeon.
             The game lasted 00:01:39 (1203 turns).

zeratav the Digger (Octopode Earth Elementalist)    Turns: 1203, Time: 00:01:40

Health: -2/27      AC:  5    Str: 13    XL:     4   Next: 26%
Magic:  3/8        EV: 13    Int: 19    God:    the Shining One [*.....]
Gold:   76         SH:  0    Dex: 12    Spells: 7/8 levels left

rFire   . . .      SeeInvis .   c - +0 falchion {long}
rCold   . . .      Faith    .   (no shield)
rNeg    . . .      Spirit   .   (helmet restricted)
rPois   .          Reflect  .   (no amulet)
rElec   .          Harm     .   g - +4 ring of protection
rCorr   .          Rampage  .   k - +6 ring of strength
Will    .....                   (no ring)
Stlth   +.........              (no ring)
HPRegen 0.09/turn               (no ring)
MPRegen 0.11/turn               (no ring)
                                (no ring)
                                (no ring)

@: glowing
A: almost no armour, amphibious, 8 rings, camouflage 1, gelatinous body 1,
(nimble swimmer 1), tentacles
a: Renounce Religion, Divine Shield


You were on level 2 of the Dungeon.
You worshipped the Shining One.
The Shining One was aware of your devotion.
You visited 1 branch of the dungeon, and saw 2 of its levels.

You collected 76 gold pieces.


Innate Abilities, Weirdness & Mutations

You cannot wear most types of armour.
You are amphibious.
You can wear up to eight rings at the same time.
Your skin changes colour to match your surroundings (Stealth+).
Your rubbery body absorbs attacks. (AC +1, EV +1)
((You are camouflaged when in or above water. (Stealth+)))
You have tentacles for arms and can constrict up to eight enemies at once.


   Skills:
 - Level 2.0 Dodging
 - Level 2.6 Stealth
 + Level 2.8 Spellcasting
 - Level 1.0 Transmutations
 * Level 4.4 Earth Magic


You had 7 spell levels left.
You knew the following spells:

 Your Spells              Type           Power      Damage    Failure   Level
a - Sandblast             Erth           38%        2d10      2%          1

Your spell library contained the following spells:

 Spells                   Type           Power      Damage    Failure   Level
 Passwall                 Tmut/Erth      10%        N/A       8%          2
 Stone Arrow              Conj/Erth      22%        3d8       19%         3
 Petrify                  Tmut/Erth      13%        N/A       45%         4

Inventory:

Hand Weapons
 c - a +0 falchion (weapon) {long}
   (You found it on level 1 of the Dungeon)
Missiles
 a - 88 stones {throwing}
Jewellery
 g - a +4 ring of protection (left tentacle)
   (You found it on level 1 of the Dungeon)
 k - a +6 ring of strength (right tentacle)
   (You found it on level 2 of the Dungeon)
Scrolls
 d - 3 scrolls of identify {unknown}
 f - a scroll of amnesia {unknown}
 h - a scroll of vulnerability {unknown}
 i - a scroll of noise {unknown}
 l - a scroll of enchant armour {unknown}
Potions
 b - a potion of magic
 e - a potion of haste {unknown}
 j - a potion of berserk rage {unknown}

Dungeon Overview and Level Annotations

Branches:
Dungeon (2/15)

Altars:
The Shining One

.........♣P...... #
#######..♣♣...... #.
#######....†..... .#
##.......#.....### .
#.......†.†....##. #
#.#.##.......#...##.
##.#.#.#####.##†#...##.
#....g).........######.
#....g@))..............
#..#.###.#..###########
# .. ......# #.
.###.#..# # #.#!#.#..#
#.###.#..# .........#


You could see 2 gnolls.


Message History

You are too injured to fight recklessly!
You are too injured to fight recklessly!
You are too injured to fight recklessly!
You are too injured to fight recklessly!
You are too injured to fight recklessly!
You are too injured to fight recklessly!
You are too injured to fight recklessly!
You are too injured to fight recklessly!
You are too injured to fight recklessly!
You are too injured to fight recklessly!
You are too injured to fight recklessly!
You are too injured to fight recklessly!
You are too injured to fight recklessly!
You are too injured to fight recklessly!
You are too injured to fight recklessly!
You are too injured to fight recklessly!
Casting: Sandblast (safe; 3% risk of failure)
Confirm with . or Enter, or press ? or * to list all spells.
Aiming: Sandblast (safe; 3% risk of failure)
Press: ? - help, Shift-Dir - straight line, f - gnoll
Aim: a gnoll, wielding a +0 spear (lightly wounded, haloed, 87% to hit)
The blast of sand hits the gnoll.
The goblin misses you. The gnoll barely misses you. The gnoll misses you.
The dart slug bites you.
HP[-1] MP[-1]
You take 1 damage, and now have 12/21 hp.
You lost 1 mp, and now have 5/6 mp.
Casting: Sandblast (safe; 3% risk of failure)
Confirm with . or Enter, or press ? or * to list all spells.
Aiming: Sandblast (safe; 3% risk of failure)
Press: ? - help, Shift-Dir - straight line, f/p - gnoll
Aim: a gnoll, wielding a +0 spear (severely wounded, haloed, 87% to hit)
The blast of sand hits the gnoll!
You kill the gnoll!
The goblin closely misses you. The gnoll closely misses you.
You have reached level 4!
HP[+4] MP[-1]
You now have 27 max hp (+6).
You regained 4 hp, and now have 16/27 hp.
Casting: Sandblast (safe; 2% risk of failure)
Confirm with . or Enter, or press ? or * to list all spells.
Aiming: Sandblast (safe; 2% risk of failure)
Press: ? - help, Shift-Dir - straight line, f - gnoll
Aim: a gnoll, wielding a +0 spear (82% to hit)
The blast of sand hits the gnoll!
The dart slug barely misses you. The goblin hits you but does no damage.
The gnoll hits you from afar with a +0 spear.
HP[-1] MP[-1]
You take 1 damage, and now have 15/27 hp.
You lost 1 mp, and now have 3/8 mp.
Casting: Sandblast (safe; 2% risk of failure)
Confirm with . or Enter, or press ? or * to list all spells.
Aiming: Sandblast (safe; 2% risk of failure)
Press: ? - help, Shift-Dir - straight line, f/p - gnoll
Aim: a gnoll, wielding a +0 spear (almost dead, 82% to hit)
The blast of sand hits the gnoll.
You kill the gnoll!
The dart slug barely misses you. The goblin misses you.
MP[-1]
You lost 1 mp, and now have 2/8 mp.
You slash the dart slug! You grab the dart slug.
You squeeze the dart slug, but do no damage.
You constrict the dart slug.
You kill the dart slug!
The goblin closely misses you.
A gnoll comes into view. It is wielding a +0 flail.
The gnoll shouts!
The goblin hits you but does no damage.
A gnoll comes into view. It is wielding a +0 flail.
The gnoll throws a throwing net.
The throwing net hits you.
You become entangled in the net!
You see here a throwing net {=fthrowing}.
You struggle against the net.
The goblin hits you but does no damage.
HP[+1]
You struggle against the net.
The goblin completely misses you.
You struggle against the net.
The goblin hits you with a +0 dagger. The gnoll hits you but does no damage.
HP[-2] MP[+1]
You take 2 damage, and now have 14/27 hp.
You shred the net and break free! The goblin hits you with a +0 dagger.
* * * LOW HITPOINT WARNING * * *
The gnoll hits you but does no damage.
HP[-1]
You take 1 damage, and now have 13/27 hp.
You barely miss the goblin.
The gnoll shouts!
You grab the goblin. You constrict the goblin. The goblin closely misses you.
The gnoll misses you.
You hit the goblin but do no damage. You squeeze the goblin.
You kill the goblin!
The gnoll misses you. The gnoll hits you with a +0 flail.
* * * LOW HITPOINT WARNING * * *
The gnoll misses you.
HP[-5]
You take 5 damage, and now have 8/27 hp.
You hit the gnoll. You grab the gnoll.
You squeeze the gnoll, but do no damage.
You constrict the gnoll. The gnoll closely misses you.
The gnoll hits you with a +0 flail!
You die...

Skill      XL: |  1  2  3 |
---------------+----------+-----
Earth Magic    | 4 |  4.4
Dodging        | |  2.0
Stealth        | |  2.6
Spellcasting   | |  2.8
Transmutations | |  1.0

Action                   |  1- 3 |  4- 6 || total
-------------------------+-------+-------++-------
Melee: Falchion          |    47 |     4 ||    51
       Tentacles         |    12 |     3 ||    15
       Constrict         |    11 |     3 ||    14
       Punch             |     1 |       ||     1
 Cast: Sandblast         |     7 |     2 ||     9
 Stab: Sleeping          |     1 |       ||     1
Armor: Skin              |    20 |     5 ||    25
Dodge: Dodged            |    42 |    10 ||    52

Levels and vault maps discovered:
D:1:      scummos_arrival_star, layout_rooms, ebering_ecumenical_altar_ruins
D:2:      layout_basic, serial_park_tiny_1, minmay_surrounded

Notes
Turn   | Place    | Note
-------+----------+-------------------------------------------
     0 | D:1      | zeratav the Octopode Earth Elementalist began the quest for
                  | the Orb.
     0 | D:1      | Reached XP level 1. HP: 11/11 MP: 3/3
     0 | D:1      | magus.rc [v1.9.6]
    93 | D:1      | Reached XP level 2. HP: 9/17 MP: 0/5
   303 | D:1      | Found a faded altar of an unknown god.
   369 | D:1      | Prayed at the altar of an unknown god.
   369 | D:1      | Became a worshipper of the Shining One
   369 | D:1      | Reached * piety under the Shining One
   840 | D:2      | Reached XP level 3. HP: 16/21 MP: 6/6
   943 | D:2      | Reached skill level 4 in Earth Magic
  1193 | D:2      | Reached XP level 4. HP: 16/27 MP: 4/8
  1203 | D:2      | Slain by a gnoll

Vanquished Creatures
  2 gnolls (D:2)
  2 adders (D:2)
  A dart slug (D:2)
  6 ball pythons
  3 bats
  4 endoplasms (D:1)
  A giant cockroach (D:1)
  5 goblins
  A hobgoblin (D:1)
  A quokka (D:1)
  A frilled lizard (D:1)
  2 kobolds (D:1)
  2 rats (D:1)
31 creatures vanquished.

Table legend:
 A = Non-vault XP
 B = Vault XP
 C = Vault XP percentage of total XP
 D = Non-vault monster count
 E = Vault monster count
 F = Vault count percentage of total count
                 A         B        C        D         E       F
            +---------+---------+-------+---------+---------+-------
      Total |      93 |      11 |  10.6 |      26 |       5 |  16.1
            +---------+---------+-------+---------+---------+-------
        D:1 |      28 |       0 |   0.0 |      16 |       0 |   0.0
        D:2 |      65 |      11 |  14.5 |      10 |       5 |  33.3
            +---------+---------+-------+---------+---------+-------

Illustrated notes

Table legend:
 A = Kills in this place as a percentage of kills in entire the game.
 B = Kills by you in this place as a percentage of kills by you in the entire game.
 C = Kills by friends in this place as a percentage of kills by friends in the entire game.
 D = Other kills in this place as a percentage of other kills in the entire game.
 E = Experience gained in this place as a percentage of experience gained in the entire game.
 F = Experience gained in this place divided by the number of levels of this place that you have seen.
                   A       B       C       D       E      F
               +-------+-------+-------+-------+-------+----------------------
         Total | 100.0 | 100.0 |   N/A |   N/A | 100.0 |  52.0
       Dungeon | 100.0 | 100.0 |   N/A |   N/A | 100.0 |  52.0
               +-------+-------+-------+-------+-------+----------------------

Table legend: (Time is in decaauts)
 A = Elapsed time spent in this place.
 B = Non-inter-level travel time spent in this place.
 C = Inter-level travel time spent in this place.
 D = Time resting spent in this place.
 E = Time spent auto-exploring this place.
 F = Levels seen in this place.
 G = Mean time per level.
                   A        B        C        D        E       F      G
               +--------+--------+--------+--------+--------+-----+--------+
         Total |   1216 |   1163 |     53 |      6 |    944 |   2 |  608.0 |
       Dungeon |   1216 |   1163 |     53 |      6 |    944 |   2 |  608.0 |
               +--------+--------+--------+--------+--------+-----+--------+

Top non-repeatable levels by time:
     D:1: 730 daAuts
     D:2: 485 daAuts
